 Dungeon Crawl Stone Soup version 0.31-a0-466-g98c9adc2b6 (webtiles) character file.

Game seed: 11860260943091814644

116 Anon1729 the Ducker (level 5, -2/42 HPs)
             Began as a Merfolk Monk on Aug 5, 2023.
             Splashed by a jelly's acid (9 damage)
             ... on level 4 of the Dungeon.
             The game lasted 00:01:27 (2092 turns).

Anon1729 the Ducker (Merfolk Monk)                  Turns: 2092, Time: 00:01:28

Health: -2/42      AC: -18   Str: 19    XL:     5   Next: 0%
Magic:  5/5        EV: 14    Int:  9    God:
Gold:   178        SH:  0    Dex: 17    Spells: 4/4 levels left

rFire   . .          .
                       - Unarmed
rCold   . . .        c - orb {light}
rNeg    . . .        a - +0 robe
rPois   .            (no helmet)
rElec   .            (no cloak)
rCorr   .            (no gloves)
SInv    .            (no boots)
Will    .....        (no amulet)
Stlth   +            e - +4 ring of protection
HPRegen 0.27/turn    p - +6 ring of strength
MPRegen 0.09/turn

%: no passive effects
@: corroded, glowing
A: (nimble swimmer 2), mertail
a: no special abilities


You were on level 4 of the Dungeon.
You visited 1 branch of the dungeon, and saw 4 of its levels.

You collected 178 gold pieces.

Inventory:

Missiles
 k - 4 poisoned darts
Armour
 a - a +0 robe (worn)
 c - an orb of light (worn)
Jewellery
 e - a +4 ring of protection (left hand)
 f - a ring of wizardry
 p - a +6 ring of strength (right hand)
Wands
 h - a wand of polymorph (4)
 n - a wand of paralysis (7)
Scrolls
 d - 3 scrolls of teleportation
 j - a scroll of revelation {unknown}
 l - a scroll of poison {unknown}
 m - a scroll of immolation {unknown}
Potions
 b - a potion of cancellation {unknown}
 g - a potion of curing
 i - a potion of attraction {unknown}
 o - a potion of lignification {unknown}


   Skills:
 + Level 4.1 Fighting
 + Level 5.0 Dodging
 + Level 4.2 Unarmed Combat
 + Level 2.1 Shapeshifting


You had 4 spell levels left.
You didn't know any spells.
Your spell library contained the following spells:

 Spells                   Type           Power      Damage    Failure   Level
 Cigotuvi's Dreadful Rot  Necr/Pois/Air  0%         N/A       52%         2
 Poisonous Vapours        Pois/Air       0%         N/A       52%         2
 Ignite Poison            Fire/Tmut/Pois 0%         N/A       77%         3
 Mephitic Cloud           Conj/Pois/Air  0%         N/A       77%         3
 Freezing Cloud           Conj/Ice/Air   0%         6-21      100%        5


Dungeon Overview and Level Annotations

Branches:
Dungeon (4/15)
 Temple: D:4-7

Altars:


Innate Abilities, Weirdness & Mutations

((You are very nimble when in or above water. (Stealth+, EV+, Speed+++)))
Your lower body shifts to a powerful aquatic tail in water.


Message History

The jelly jiggles.
You see here a +6 ring of strength.
Okay, then.
You're wearing all the rings you can.
Remove which one? (? for menu, Esc to cancel) < or
e - a +4 ring of protection; > or
f - a ring of wizardry You remove your ring of wizardry.
You feel stronger.
p - a +6 ring of strength (right hand)
You hit the jelly. The acid corrodes you!
Your hands burn!
The jelly is moderately wounded.
The jelly barely misses you.
You hit the jelly but do no damage.
Your hands burn!
The jelly is moderately wounded.
The jelly barely misses you.
You hit the jelly but do no damage. The acid corrodes you!
Your hands burn!
The jelly is moderately wounded.
The jelly misses you.
You hit the jelly but do no damage.
Your hands burn!
The jelly is moderately wounded.
The jelly hits you. The acid corrodes you!
You are splashed with acid!
You hit the jelly but do no damage.
Your hands burn!
The jelly is moderately wounded.
The jelly jiggles.
The jelly closely misses you.
You hit the jelly but do no damage. The acid corrodes you!
Your hands burn!
The jelly is lightly wounded.
The jelly hits you. The acid corrodes you!
You are splashed with acid!
* * * LOW HITPOINT WARNING * * *
You hit the jelly but do no damage.
Your hands burn!
* * * LOW HITPOINT WARNING * * *
The jelly is lightly wounded.
Aiming: Paralyse
Press: ? - help, Shift-Dir - straight line, f - jelly
Aim: a jelly (lightly wounded, haloed, chance to affect: 57%)
The jelly resists with significant effort.
The jelly hits you.
* * * LOW HITPOINT WARNING * * *
The acid corrodes you!
You are splashed with acid!
You die...

#)#........## #
#...........# .#
#...........###.#
##...........#...
..............#
#...........####.#
#................
..###.......J@...)...
..............#......
.##..........# #####
.....##..........#
......#>.........#
.............<...#
................##
........#......##
........########


You could see a jelly.

Vanquished Creatures
  4 adders
  2 dart slugs (D:3)
  4 orcs
  5 ball pythons
  4 bats
  4 endoplasms
  2 giant cockroaches (D:3)
  10 hobgoblins
  10 jackals (D:1)
  2 quokkas
  2 frilled lizards
  3 goblins
  5 kobolds
  7 rats
  A spectral hobgoblin (D:1)
65 creatures vanquished.

Notes
Turn   | Place    | Note
-------+----------+-------------------------------------------
     0 | D:1      | Anon1729 the Merfolk Monk began the quest for the Orb.
     0 | D:1      | Reached XP level 1. HP: 18/18 MP: 1/1
    80 | D:1      | Reached XP level 2. HP: 22/24 MP: 2/2
   154 | D:1      | Reached skill level 1 in Shapeshifting
   270 | D:1      | Reached XP level 3. HP: 29/29 MP: 3/3
   498 | D:1      | Found a faded altar of an unknown god.
   929 | D:2      | Reached XP level 4. HP: 33/37 MP: 4/4
  1745 | D:3      | Reached skill level 5 in Dodging
  2077 | D:4      | Reached XP level 5. HP: 41/42 MP: 5/5
  2092 | D:4      | Splashed by a jelly's acid

Illustrated notes

Levels and vault maps discovered:
D:1:      giann_horns, layout_basic, dreamdust_ecumenical_altar_drowned_temple
D:2:      layout_rooms
D:3:      layout_basic
D:4:      layout_rooms, minmay_fire_ice_demons, uniq_robin

Skill      XL: |  1  2  3  4 |
---------------+-------------+-----
Shapeshifting  | 1 2 |  2.1
Unarmed Combat | 4 |  4.2
Fighting       | 4 |  4.1
Dodging        | 5 |  5.0

Action                     |  1- 3 |  4- 6 || total
---------------------------+-------+-------++-------
  Melee: Unarmed           |   118 |   100 ||   218
  Evoke: Wand              |       |     1 ||     1
    Use: Potion            |     1 |       ||     1
         Scroll            |     2 |     1 ||     3
 Armour: Robe              |    26 |    20 ||    46
  Dodge: Dodged            |   104 |    79 ||   183

Table legend: (Time is in decaauts)
 A = Elapsed time spent in this place.
 B = Non-inter-level travel time spent in this place.
 C = Inter-level travel time spent in this place.
 D = Time resting spent in this place.
 E = Time spent auto-exploring this place.
 F = Levels seen in this place.
 G = Mean time per level.
                   A        B        C        D        E       F      G
               +--------+--------+--------+--------+--------+-----+--------+
         Total |   2065 |   1970 |     95 |     14 |   1529 |   4 |  516.2 |
       Dungeon |   2065 |   1970 |     95 |     14 |   1529 |   4 |  516.2 |
               +--------+--------+--------+--------+--------+-----+--------+

Top non-repeatable levels by time:
     D:1: 839 daAuts
     D:3: 743 daAuts
     D:2: 458 daAuts
     D:4: 24 daAuts
